 Dungeon Crawl Stone Soup version 0.18.1-50-g88ac8fd (webtiles) character file.

564 Cousarr the Poker (level 7, -10/52 HPs)
             Began as a Demonspawn Gladiator on Oct 8, 2016.
             Was an Initiate of Dithmenos.
             Mangled by a wraith (13 damage)
             ... in an ossuary on Oct 9, 2016.
             The game lasted 00:14:47 (4341 turns).

Cousarr the Poker (Demonspawn Gladiator)            Turns: 4341, Time: 00:14:48

Health: -10/52     AC:  5    Str: 18    XL:     7   Next: 10%
Magic:  7/7        EV: 12    Int:  9    God:    Dithmenos [......]
Gold:   183        SH:  0    Dex: 15    Spells: 0 memorised, 6 levels left

rFire  . . .     SeeInvis .     a - +0 trident
rCold  . . .     Gourm    .     j - +0 ring mail
rNeg   . . .     Faith    .     (no shield)
rPois  .         Spirit   .     (helmet restricted)
rElec  .         Dismiss  .     (no cloak)
rCorr  .         Reflect  .     (no gloves)
SustAt .         Harm     .     (no boots)
MR     .....                    (no amulet)
Stlth  +++.......               (no ring)
                                p - ring of stealth

@: about to teleport, slowed, very slow, not resistant to hostile enchantments,
fairly stealthy
A: antennae 2, thin skeletal structure 1, powered by death 1
a: Renounce Religion


You were in an ossuary.
You worshipped Dithmenos.
Dithmenos was noncommittal.
You were not hungry.

You visited 2 branches of the dungeon, and saw 6 of its levels.
You also visited: Ossuary.

You collected 183 gold pieces.

Inventory:

Hand Weapons
 a - a +0 trident (weapon)
 l - a +0 hunting sling
 w - a +0 blowgun
 A - a +0 shortbow
Missiles
 d - a throwing net (quivered)
 m - 125 stones
 y - 4 poisoned needles
 B - 17 arrows
Armour
 c - a +0 helmet
 j - a +0 ring mail (worn)
Jewellery
 p - a ring of stealth (left hand)
 v - an uncursed amulet of rage {unknown}
Wands
 t - a wand of lightning (9/15)
Scrolls
 b - a scroll of enchant weapon {unknown}
 e - 7 scrolls of teleportation
 h - 5 scrolls of remove curse {unknown}
 i - a scroll of magic mapping
 k - a scroll of recharging {unknown}
 n - a scroll of enchant armour {unknown}
 q - 3 scrolls of identify {unknown}
Potions
 g - 8 potions of curing {unknown}
 o - 2 potions of heal wounds {unknown}
 r - a potion of lignification {unknown}
 u - 2 potions of magic {unknown}
 z - a potion of degeneration {unknown}
Comestibles
 f - 3 bread rations
 s - a slice of pizza
 x - 2 royal jellies


   Skills:
 + Level 3.5 Fighting
 + Level 4.8 Polearms
 + Level 2.0 Throwing
 + Level 2.4 Armour
 - Level 2.6 Dodging
 * Level 4.0 Stealth


You had 6 spell levels left.
You didn't know any spells.

Dungeon Overview and Level Annotations

Branches:
Dungeon (5/15)             Temple (1/1) D:4

Altars:
Cheibriados
Dithmenos
Elyvilon
Gozag
Kikubaaqudgha
Nemelex Xobeh
Pakellas
Qazlal
Ru
Vehumet
Xom
Yredelemnul
Zin
The Shining One


Innate Abilities, Weirdness & Mutations

You have a pair of antennae on your head.
You have a somewhat thin skeletal structure (Dex +2, Stealth).
You regenerate a little health from kills.


Message History

There is an open door, spattered with blood here.
You see here a scroll labeled VORIEM YSIDA.
q - 3 scrolls labeled VORIEM YSIDA (gained 1)
The wraith hits you.
* * * LOW HITPOINT WARNING * * *
The wraith drains your vigour!
You feel as though you will be slow longer.
The wraith closely misses you.
Read which item? (? for menu, Esc to quit)
As you read the scroll of teleportation, it crumbles to dust.
You feel strangely unstable. The wraith misses you.
You hit the wraith but do no damage.
The wraith is lightly damaged.
The wraith hits you.
* * * LOW HITPOINT WARNING * * *
The wraith closely misses you.
You hit the wraith.
The wraith is moderately damaged.
The wraith hits you!
You die...

...^..^..........
....#.#..........
....#'#.^.....## #..#
8...#.#...8....+ #..#
....###.......####..#
.......^.W..........#
.#..#.#..#.#........#
'#..# #..#'#..####..#
.#..#{#.^#"#...W@#..#
##..###..###..####..#
....................#
....................#
#####################


You could see a wraith.

Vanquished Creatures
  A black bear (D:4)
  An ogre (D:4)
  A centaur (D:5)
  A scorpion (D:5)
  A giant frog zombie (D:3)
  A giant frog skeleton (D:5)
  An iguana (D:4)
  A worker ant (D:5)
  A big kobold zombie (Ossuary)
  A mummy (Ossuary)
  5 adders
  A worm (D:3)
  3 dart slugs
  A giant gecko (D:3)
  4 orcs
  A ball python (D:4)
  8 bats
  A giant cockroach (D:3)
  4 goblins
  6 hobgoblins
  3 jackals (D:3)
  5 kobolds
  2 quokkas (D:2)
  A ball python skeleton (D:5)
  2 giant newts
  4 goblin zombies (Ossuary)
  2 hobgoblin zombies (Ossuary)
  2 orc zombies (Ossuary)
  9 rats
74 creatures vanquished.

Notes
Turn   | Place    | Note
--------------------------------------------------------------
     0 | D:1      | Cousarr the Demonspawn Gladiator began the quest for the Orb.
     0 | D:1      | Reached XP level 1. HP: 16/16 MP: 1/1
   301 | D:1      | Gained mutation: You have a somewhat thin skeletal structure (Dex +2, Stealth). [demonic ancestry]
   301 | D:1      | Reached XP level 2. HP: 18/22 MP: 2/2
  1190 | D:2      | Reached XP level 3. HP: 20/28 MP: 3/3
  1314 | D:2      | Reached skill level 1 in Stealth
  1983 | D:3      | Reached skill level 1 in Armour
  2190 | D:3      | Gained mutation: You have a pair of small antennae on your head. [demonic ancestry]
  2190 | D:3      | Reached XP level 4. HP: 32/34 MP: 4/4
  2278 | D:3      | Found an opulent altar of Gozag.
  2363 | D:3      | Found a white marble altar of Elyvilon.
  2861 | D:4      | Found a staircase to the Ecumenical Temple.
  2890 | D:4      | Noticed an ogre
  2940 | D:4      | Found a glowing golden altar of the Shining One.
  3038 | D:4      | Found a shadowy altar of Dithmenos.
  3097 | D:4      | Gained mutation: You regenerate a little health from kills. [demonic ancestry]
  3097 | D:4      | Reached XP level 5. HP: 37/40 MP: 5/5
  3130 | Temple   | Entered the Ecumenical Temple
  3208 | Temple   | Became a worshipper of Dithmenos the Shadowed
  3458 | D:4      | Noticed a black bear
  3469 | D:4      | Killed a black bear
  3593 | D:4      | Killed an ogre
  3593 | D:4      | Gained mutation: You have a pair of antennae on your head. [demonic ancestry]
  3593 | D:4      | Reached XP level 6. HP: 47/47 MP: 6/6
  3708 | D:5      | Entered Level 5 of the Dungeon
  3804 | D:5      | Reached XP level 7. HP: 20/52 MP: 7/7
  3865 | D:5      | Found a sand-covered staircase.
  3870 | Ossuary  | Entered an ossuary
  3870 | Ossuary  | Noticed a wraith
  3870 | Ossuary  | Noticed a wraith
  3870 | Ossuary  | Noticed a wraith
  4308 | Ossuary  | Noticed a wraith
  4341 | Ossuary  | Mangled by a wraith

Skill      XL: |  1  2  3  4  5  6  7 |
---------------+----------------------+-----
Polearms       | 3 4 |  4.8
Stealth        | 1 3 4 |  4.0
Armour         | 1 2 |  2.4
Fighting       | 3 |  3.5
Throwing       | 2 |  2.0
Dodging        | |  2.6

Action                   |  1- 3 |  4- 6 |  7- 9 || total
-------------------------+-------+-------+-------++-------
Melee: Trident           |   124 |   128 |    54 ||   306
Throw: Throwing net      |       |     2 |       ||     2
  Use: Scroll            |       |     2 |     3 ||     5
 Stab: Sleeping          |     2 |     6 |     1 ||     9
       Held in net/web   |       |     1 |       ||     1
       Distracted        |       |     1 |       ||     1
  Eat: Chunk             |     3 |     6 |       ||     9
       Bread ration      |       |       |     1 ||     1
Armor: Leather armour    |     6 |       |       ||     6
       Ring mail         |    68 |    27 |     8 ||   103
Dodge: Dodged            |   100 |    75 |    26 ||   201
